 BcadrenCrawl: Boulder Brew version 0.06-240-gf756cca71e (webtiles) character file.

Game seed: 13341255763845668436, levelgen mode: deterministic

4118 gruber the Grappler (level 10, -21/76 HPs) Troll Vine Stalker. Began on Aug 12, 2022. Demolished by a two-headed ogre ... wielding a cursed +1 dire flail of protection {(Curse: Fragile)} (25 damage) ... on level 4 of the Dungeon. The game lasted 00:13:02 (4384 turns).

gruber the Grappler (Troll Vine Stalker)            Turns: 4384, Time: 00:13:03

Health: -21/76     AC:  9    Str: 24    XL:     10 ^: 5088
Magic:  0/12       EV: 10    Int: 14    God:
Gold:   270        SH:  0    Dex:  9    Spells: 10/11 levels left

rFire    . . .     Slash    x     - Unarmed
rCold    . . .     Pierce   .     - Unarmed
rNeg     . . .     Bludgeon .   b - +0 robe
rCorr    . . .     Vision   .   k - +2 hat
rPois    .         Gourm    +   t - +0 cloak
rElec    .         Faith    .   (gloves unavailable)
MR       +....     Spirit   +   (boots unavailable)
HPRegen  1.15/turn Reflect  .   r - amulet of the acrobat
MPRegen  0.22/turn Harm     .   c - ring of stealth
Stlth    +++.......             n - ring of protection from magic

@: no status effects
A: large, unfitting armour, claws 2, fangs, fast metabolism 2, gourmand,
regeneration 2, INT +5, magic shield, antimagic bite, no potion heal, rot
immunity, soft flesh, AC +4
a: no special abilities


You were on level 4 of the Dungeon.
You were completely stuffed.

You visited 1 branch of the dungeon, and saw 4 of its levels.

You collected 270 gold pieces.

Inventory:

Armour
 b - a +0 robe (worn)
 k - a +2 hat (worn)
 t - a +0 cloak (worn)
Jewellery
 c - a ring of stealth (left claw)
 j - an uncursed ring of ice
 n - a ring of protection from magic (right claw)
 r - an amulet of the acrobat (around neck)
 u - an uncursed ring of resist corrosion
Scrolls
 a - a scroll of summoning
 e - a scroll of bless item
 f - 5 scrolls of teleportation
 h - 2 scrolls of enchantment
 l - a scroll of fear
 o - a scroll of blinking
Potions
 g - a potion of cancellation
 i - a potion of ambrosia
 m - a potion of haste
 p - a potion of curing
Miscellaneous
 q - a phial of floods
Comestibles
 d - 12 rations
 s - a chunk of flesh


   Skills:
 - Level 6.1 Fighting
   Level 1.5 Short Blades
 * Level 2.4 Dodging
 - Level 2.1 Stealth
 - Level 11.0 Unarmed Combat
 - Level 1.0 Spellcasting
 - Level 1.2 Hexes


You had 10 spell levels left.
You knew the following spells:

 Your Spells              Type           Power        Failure   Level  Hunger
a - Magic Candle          Hex/Fire       2 (90)       21%         1    26-46

Your spell library contained the following spells:

 Spells                   Type           Power        Failure   Level  Hunger
 Ensorcelled Hibernation Hex/Ice 2 (50) 30% 2 66-106 Confuse Hex 4 (100) 43% 3 106-166 Tukima's Dance Hex 4 (100) 43% 3 106-166 Blinding Spray Hex/Pois 2 (50) 52% 3 106-166 Fulminant Prism Hex            4 (200)      83%         4    186-286


Dungeon Overview and Level Annotations

Branches:
Dungeon (4/8)
 Temple: D:4

Altars:
Ashenzari
Sif Muna
Xom


Innate Abilities, Weirdness & Mutations

Your tough skin and shaggy fur is resilient. (AC +4)
You are too large for most types of armour.
You have claws for hands. (+6 Unarmed)
You have razor-sharp fangs.
You have a very fast metabolism.
You like to eat raw meat.
You regenerate.
When hurt, damage is shared between your health and your magic reserves.
Your bite disrupts and absorbs the magic of your enemies.
Potions cannot restore your health.
You are immune to rotting.
Your soft flesh is weak to deep cuts.
Heavy manmade armour will nullify this weakness. (rSlashing-)
You are extremely clever. (INT +5)


Message History

You scratch the two-headed ogre (5).
She is lacerated severely!
You scratch the two-headed ogre (1).
She is lacerated severely!
You bite the two-headed ogre (3). You drain her power.
The two-headed ogre is heavily wounded. (30/60) HP The two-headed ogre hits you with a cursed +1 dire flail of protection {(Curse: Fragile)} (10)!
The two-headed ogre hits you with a cursed +6 giant spiked club {(Curse: Fragile)} (37)!!!
Critical Hit!
You hear a shout!
You hear a bark!
Unknown command.
Unknown command.
You claw the two-headed ogre (10)!
She is lacerated severely!
You scratch the two-headed ogre (5).
She is lacerated severely!
The two-headed ogre is severely wounded. (17/60) HP You claw the two-headed ogre (16)!
She is lacerated severely!
You scratch the two-headed ogre but do no damage.
The two-headed ogre is almost dead. (1/60) HP The two-headed ogre hits you with a cursed +1 dire flail of protection {(Curse: Fragile)} (46)!!!
Critical Hit!
Ouch! That really hurt!
* * * LOW HITPOINT WARNING * * *
The two-headed ogre hits you with a cursed +6 giant spiked club {(Curse: Fragile)} (25)!!
You die...

...........# #.#.##?<..#
#.#.......# # #.#.......#
#. #.)......##
#.#########......##
#.##......# ##.###..#
..........#####.###..####
#.....S.O@..#....†..#
#...###.........##÷.#
#...#.####...####†#.#
###.##...#####.†÷##.##
#..#........÷÷.#...#
...#..#.....#..#...#
#..##..#####..##...#
....#..#####..#..#.# ##
#.....##..#..#.####.


You could see a two-headed ogre and an adder.

Vanquished Creatures
  A two-headed ogre (D:4)
  2 bone scorpions (D:4)
  A slime creature (D:2)
  A necrophage (D:4)
  4 scorpions
  3 porcupines
  A sky beast (D:4)
  An ogre (D:3)
  6 crocodiles
  2 big kobolds (D:2)
  A howler monkey (D:3)
  A killer bee (D:4)
  Prince Ribbit (D:2)
  4 jellies (D:2)
  An iguana (D:4)
  2 orc wizards (D:3)
  3 worker ants
  A wyvern zombie (D:4)
  2 wyvern skeletons (D:4)
  22 giant cockroaches
  A cysgobwca (D:4)
  15 adders
  A gwybwca (D:4)
  46 sewer rats (D:2)
  3 worms
  10 cinder newts
  6 bullfrogs
  11 oozes (D:2)
  A howler monkey skeleton (D:3)
  2 dart slugs (D:1)
  An adder zombie (D:4)
  10 leopard geckos
  10 orcs
  3 adder skeletons
  2 ball pythons
  2 goblins (D:1)
  A hobgoblin (D:1)
  5 jackals (D:4)
  15 kobolds
  A ball python skeleton (D:3)
  11 bats
  A bat skeleton (D:2)
  A goblin skeleton (D:2)
  6 rats
  2 rat skeletons (D:2)
  A giant blowfly (D:2)
  A withered plant (D:2)
229 creatures vanquished.

Vanquished Creatures (others)
  2 jellies (D:2)
  A sewer rat (D:2)
  A leopard gecko (D:2)
  A ball python (D:2)
  A bat (D:2)
  5 bushes (D:1)
  5 giant blowflies (D:2)
  A slimehead (D:2)
  4 toadstoolion (D:1)
  111 withered plants (D:2)
132 creatures vanquished.

Grand Total: 361 creatures vanquished

Notes
Turn   | Place    | Note
-------+----------+-------------------------------------------
     0 | D:1      | gruber the Troll Vine Stalker began the quest for the Orb.
     0 | D:1      | Reached XP level 1. HP: 13/13 MP: 3/3
     8 | D:1      | Reached skill level 1 in Unarmed Combat
    11 | D:1      | Reached XP level 2. HP: 15/19 MP: 4/4
    21 | D:1      | Reached skill level 2 in Unarmed Combat
    62 | D:1      | Reached XP level 3. HP: 24/24 MP: 5/5
   304 | D:1      | Reached skill level 3 in Unarmed Combat
   311 | D:1      | Gained mutation: You regenerate. [symbiont growth]
   311 | D:1      | Reached XP level 4. HP: 30/30 MP: 4/6
   552 | D:1      | Reached skill level 4 in Unarmed Combat
  1027 | D:2      | Noticed a big kobold
  1035 | D:2      | Reached XP level 5. HP: 30/35 MP: 5/7
  1042 | D:2      | Reached skill level 5 in Unarmed Combat
  1075 | D:2      | Reached XP level 6. HP: 32/41 MP: 8/8
  1219 | D:2      | Reached skill level 6 in Unarmed Combat
  1301 | D:2      | Reached XP level 7. HP: 32/46 MP: 7/9
  1678 | D:2      | Reached skill level 7 in Unarmed Combat
  1813 | D:2      | Reached skill level 1 in Fighting
  2275 | D:2      | Reached XP level 8. HP: 28/60 MP: 6/10
  2461 | D:2      | Reached skill level 5 in Fighting
  2580 | D:2      | Noticed Prince Ribbit
  2596 | D:2      | Killed Prince Ribbit
  2809 | D:2      | Found a shimmering blue altar of Sif Muna.
  3097 | D:3      | Reached XP level 9. HP: 68/69 MP: 9/11
  3269 | D:3      | Found a shattered altar of Ashenzari.
  3380 | D:3      | Reached skill level 8 in Unarmed Combat
  3535 | D:3      | Found a sacrificial altar of Ru.
  3537 | D:3      | Found a blossoming altar of Fedhas.
  3537 | D:3      | Found a stormy altar of Qazlal.
  3539 | D:3      | Found an iron altar of Okawaru.
  3539 | D:3      | Found a shimmering altar of Xom.
  3539 | D:3      | Found an ancient bone altar of Kikubaaqudgha.
  4044 | D:4      | Reached skill level 9 in Unarmed Combat
  4112 | D:4      | Reached skill level 10 in Unarmed Combat
  4119 | D:4      | Noticed a two-headed ogre
  4223 | D:4      | Killed a two-headed ogre
  4223 | D:4      | Reached XP level 10. HP: 59/76 MP: 10/12
  4351 | D:4      | Reached skill level 11 in Unarmed Combat
  4371 | D:4      | Noticed a two-headed ogre
  4384 | D:4      | Demolished by a two-headed ogre

Levels and vault maps discovered:
D:1:      ldierk_walled_garden_2, layout_rooms, serial_forest,
          infiniplex_forest_lined_3, infiniplex_forest_straight_5,
          infiniplex_forest_zigzag_2, infiniplex_forest_join,
          infiniplex_forest_fountain, infiniplex_forest_zigzag_1,
          infiniplex_forest_lined_room_3
D:2:      layout_sewer, kennysheep_mini, sewer_frog_spiral
D:3:      doesnt_xom_only_xom, layout_loops_corners,
          nicolae_ashenzari_panopticon, first_ration, grunt_ogre_cave,
          chequers_garden
D:4:      layout_loops_cross, minmay_temple_entry_fiery, minmay_pinched_square

Skill      XL: |  1  2  3  4  5  6  7  8  9 10 |
---------------+-------------------------------+-----
Unarmed Combat | 1 2 3 4 5 6 7 10 11 | 11.0
Fighting       | 3 6 |  6.1
Short Blades   | |  1.5
Dodging        | |  2.4
Stealth        | |  2.1
Spellcasting   | |  1.0
Hexes          | |  1.2

Action                   |  1- 3 |  4- 6 |  7- 9 | 10-12 || total
-------------------------+-------+-------+-------+-------++-------
Melee: Short sword       |    13 |       |       |       ||    13
       Unarmed           |    26 |   155 |   542 |    19 ||   742
       Tailslap          |     5 |    17 |    88 |     4 ||   114
  Use: Potion            |       |       |     2 |       ||     2
 Stab: Sleeping          |       |       |    14 |       ||    14
       Distracted        |       |       |     1 |       ||     1
  Eat: Chunk             |       |    14 |    20 |    10 ||    44
       Ration            |       |     1 |       |       ||     1
Armor: Robe              |     9 |    38 |    73 |     1 ||   121
Dodge: Dodged            |     5 |    15 |    42 |     2 ||    64
